 Dungeon Crawl Stone Soup version 0.18.1-8-gdd0e5ea (webtiles) character file.

56 m0ast the Ruffian (level 3, 0/31 HPs)
             Began as a Ghoul Monk on May 24, 2016.
             Slain by Sigmund
             ... wielding a +0 scythe of venom
              (14 damage)
             ... on level 2 of the Dungeon.
             The game lasted 00:05:50 (1491 turns).

m0ast the Ruffian (Ghoul Monk)                      Turns: 1491, Time: 00:05:51

Health: 0/31       AC:  3    Str: 14    XL:     3   Next: 97%
Magic:  2/2        EV: 13    Int:  5    God:
Gold:   80         SH:  0    Dex: 12    Spells: 0 memorised, 2 levels left

rFire  . . .     SeeInvis .       - Unarmed
rCold  + . .     Gourm    .     a - +0 robe
rNeg   + + +     Faith    .     (no shield)
rPois  ∞         Spirit   .     (no helmet)
rElec  .         Dismiss  .     (no cloak)
rCorr  .         Reflect  .     o - +0 pair of gloves
SustAt .         Harm     .     (no boots)
MR     .....                    (no amulet)
Stlth  ++........               (no ring)
                                (no ring)

@: rotting, not resistant to hostile enchantments, unstealthy
A: rotting body, claws 1, carnivore 3, cold resistance 1, negative energy
resistance 3, slow regeneration 1, torment resistance, unbreathing
a: no special abilities


You were on level 2 of the Dungeon.
You were not hungry.

You visited 1 branch of the dungeon, and saw 2 of its levels.

You collected 80 gold pieces.

Inventory:

Armour
 a - a +0 robe (worn)
 o - a +0 pair of gloves (worn)
Jewellery
 e - a +4 ring of evasion {unknown}
 l - an uncursed ring of see invisible {unknown}
Scrolls
 i - 2 scrolls of remove curse {unknown}
 j - a scroll of enchant armour {unknown}
 k - 2 scrolls of identify {unknown}
Potions
 c - a potion of ambrosia {unknown}
 d - a potion of invisibility {unknown}
 f - a potion of flight {unknown}
Books
 n - a book of Summonings

   Spells                             Type                      Level
   a - Recall                         Summoning/Translocation      3
   b - Aura of Abjuration             Summoning                    5
   c - Summon Demon                   Summoning                    5
   d - Summon Forest                  Summoning/Translocation      5
   e - Summon Mana Viper              Hexes/Summoning              5
   f - Shadow Creatures               Summoning                    6
Comestibles
 b - a meat ration
 g - 2 beef jerkies
 h - 2 chunks of flesh


   Skills:
 + Level 3.5 Fighting
 + Level 3.1 Dodging
 + Level 2.6 Stealth
 * Level 5.2 Unarmed Combat


You had 2 spell levels left.
You didn't know any spells.

Dungeon Overview and Level Annotations

Branches:
Dungeon (2/15)

Altars:
Fedhas

Annotations:
D:2 Sigmund


Innate Abilities, Weirdness & Mutations

Your body is rotting away.
You thrive on raw meat.
You are immune to poison.
You have sharp fingernails.
You are carnivorous and can eat meat at any time.
Your flesh is cold resistant.
You are immune to negative energy.
You regenerate slowly when monsters are visible.
You are immune to unholy pain and torment.
You can survive without breathing.


Message History

You feel less confused.
Sigmund gestures wildly while chanting.
Sigmund flickers and vanishes!
Deactivating autopickup; reactivate with Ctrl-A.
Something completely misses you. Something completely misses you.
You barely miss something. You hit something.
You hear some strange, mumbled words.
Something tries to affect you, but you resist.
You miss something. Something hits you but does no damage.
You hit something. You miss something.
You hear some strange, mumbled words.
Something tries to affect you, but you resist.
You hit something but do no damage. Something hits you!
You hit something. You closely miss something. Something hits you!
You closely miss something. Something hits you!
You die...

#######..# ##.
.........# ##..
...#.##(#######...##
##.#.......r.......###
#.....#.#####.........
#.#............(......
#.....#..####.........
####..#..##)..........
## #.......@{..##..
#.....####.$....
####### .###.. # #


There were no monsters in sight!

Vanquished Creatures
  2 adders (D:2)
  A giant gecko (D:1)
  A ball python (D:2)
  4 giant cockroaches
  4 goblins
  4 hobgoblins (D:1)
  4 jackals (D:1)
  3 kobolds (D:1)
  7 bats
  A giant newt (D:1)
  3 rats
34 creatures vanquished.

Notes
Turn   | Place    | Note
--------------------------------------------------------------
     0 | D:1      | m0ast the Ghoul Monk began the quest for the Orb.
     0 | D:1      | Reached XP level 1. HP: 19/19 MP: 0/0
   219 | D:1      | Reached XP level 2. HP: 26/26 MP: 1/1
   728 | D:1      | Reached XP level 3. HP: 27/31 MP: 2/2
  1042 | D:2      | Found a blossoming altar of Fedhas.
  1166 | D:2      | Reached skill level 5 in Unarmed Combat
  1469 | D:2      | Noticed Sigmund
  1491 | D:2      | Slain by Sigmund

Skill      XL: |  1  2  3 |
---------------+----------+-----
Dodging        | 3 |  3.1
Unarmed Combat | 5 |  5.2
Fighting       | |  3.5
Stealth        | |  2.6

Action                   || total
-------------------------++-------
Melee: Unarmed           ||   142
       Punch             ||     2
  Use: Potion            ||     2
 Stab: Sleeping          ||     1
  Eat: Chunk             ||    14
Armor: Robe              ||    42
Dodge: Dodged            ||    93
